 Dungeon Crawl Stone Soup version 0.26-a0-84-g8c18429211 (webtiles) character file.

Game seed: 10638229922355627583

1370160 bmfx the Sorcerer (level 27, 156/156 HPs)
             Began as a Spriggan Conjurer on June 20, 2020.
             Was a High Priest of Fedhas.
             Escaped with the Orb
             ... and 3 runes!
             The game lasted 06:32:38 (127851 turns).

bmfx the Sorcerer (Spriggan Conjurer)             Turns: 127851, Time: 06:32:38

Health: 156/156    AC:  7    Str:  4    XL:     27
Magic:  50/50      EV: 34    Int: 36    God:    Fedhas [*****.]
Gold:   4675       SH: 16    Dex: 18    Spells: 49/70 levels left

rFire    + + +     SeeInvis +   w - +9 fustibalus (vorpal)
rCold    + . .     Gourm    .   A - +3 buckler {rF+}
rNeg     . . .     Faith    .   X - +3 robe of Clouds {+Thunder rCloud rElec}
rPois    .         Spirit   .   e - +2 hat {MR+}
rElec    +         Reflect  +   I - scarf {rC+ rF+}
rCorr    .         Harm     .   (gloves unavailable)
MR       +++++                  (boots unavailable)
Stlth    ++........             G - amulet "Livun" {Reflect rF+ Int+2 SH+5}
HPRegen  0.36/turn              v - ring of wizardry
MPRegen  0.32/turn              k - +6 ring of intelligence

@: very quick
A: very small, unfitting armour, see invisible, herbivore, speed 3, screaming 1,
slow metabolism 2
0: Orb of Zot
}: 3/15 runes: serpentine, barnacled, silver
a: Wall of Briars, Grow Ballistomycete, Overgrow, Grow Oklob, Renounce Religion,
Evoke Thunderclouds


You escaped.
You worshipped Fedhas.
Fedhas was extremely pleased with you.
You were completely stuffed.

You visited 11 branches of the dungeon, and saw 53 of its levels.
You also visited: Trove, Ossuary and Volcano.

You collected 13859 gold pieces.
You spent 9184 gold pieces at shops.


Innate Abilities, Weirdness & Mutations

You are very small and have problems with some larger weapons.
You are too small for most types of armour.
You have supernaturally acute eyesight. (SInv)
You are a herbivore.
You cover ground extremely quickly.
You need to consume almost no food.
You occasionally shout uncontrollably at your foes.

Dungeon Overview and Level Annotations

Branches:
Dungeon (15/15)            Temple (1/1) D:7            Lair (6/6) D:8
 Shoals (4/4) Lair:2        Snake (4/4) Lair:2        Slime (0/5) Lair:6
    Orc (2/2) D:11            Elf (3/3) Orc:2        Vaults (5/5) D:14
  Crypt (3/3) Vaults:3       Tomb (0/3) Crypt:3      Depths (5/5) D:15
    Zot (5/5) Depths:5    Ossuary (visited)         Volcano (visited)

Altars:
Ashenzari
Cheibriados
Dithmenos
Elyvilon
Fedhas
Gozag
Hepliaklqana
Kikubaaqudgha
Makhleb
Nemelex Xobeh
Okawaru
Qazlal
Ru
Sif Muna
Trog
Uskayaw
Wu Jian
Xom
Yredelemnul
Zin
The Shining One
Jiyva

Shops:
D:12 *   Orc:2 !*:=!   Shoals:2 (   Snake:3 =   Vaults:1 *   Vaults:5 }
Depths:4 }}=

Portals:
Hell: Depths:1 Depths:2 Depths:3 Depths:4 Depths:5
Abyss: Depths:2 Depths:3 Depths:4 Depths:5
Pandemonium: Depths:3
Ziggurat: Depths:5

Annotations:
Zot:3 2 transporters


   Skills:
 + Level 20.1 Fighting
   Level 10.0(14.3) Short Blades
 - Level 13.2(14.0) Long Blades
 - Level 13.7(14.0) Slings
 - Level 4.0(8.7) Throwing
 - Level 18.0 Dodging
 - Level 12.0 Stealth
 - Level 7.2 Shields
 - Level 22.0 Spellcasting
 - Level 4.0 Conjurations
 - Level 5.7 Hexes
 - Level 9.0 Necromancy
 - Level 4.0 Translocations
 - Level 22.0 Ice Magic
 - Level 15.6 Invocations
 - Level 12.0 Evocations


You had 49 spell levels left.
You knew the following spells:

 Your Spells              Type           Power        Failure   Level  Hunger
b - Blink                 Tloc           N/A          1%          2    None
A - Absolute Zero         Ice            ########..   3%          9    #####..
B - Searing Ray           Conj           ######       1%          2    None
C - Fulminant Prism       Conj/Hex       ######....   1%          4    None
D - Animate Skeleton      Necr           N/A          0%          1    None
E - Portal Projectile     Hex/Tloc       ######       1%          3    None

Your spell library contained the following spells:

 Spells                   Type           Power        Failure   Level  Hunger
 Pain                     Necr           ####         0%          1    None
 Frozen Ramparts          Ice            ######       0%          3    None
 Ozocubu's Armour         Chrm/Ice       #######.     0%          3    None
 Beastly Appendage        Tmut           #####.       1%          1    None
 Corona                   Hex            ######.      1%          1    None
 Magic Dart               Conj           ####         1%          1    None
 Shock                    Conj/Air       ####         1%          1    None
 Sting                    Tmut/Pois      ####         1%          1    None
 Summon Butterflies       Summ           #####...     1%          1    None
 Summon Small Mammal      Summ           ####         1%          1    None
 Call Imp                 Summ           #####...     1%          2    None
 Poisonous Vapours        Pois/Air       #####.       1%          2    None
 Slow                     Hex            ######..     1%          2    None
 Sticks to Snakes         Tmut           #####...     1%          2    None
 Sublimation of Blood     Necr           #######...   1%          2    None
 Swiftness                Chrm/Air       #####...     1%          2    None
 Call Canine Familiar     Summ           #####...     1%          3    None
 Conjure Flame            Conj/Fire      ######..     1%          3    None
 Dazzling Flash           Conj/Hex       ######       1%          3    None
 Gell's Gravitas          Tloc           ######....   1%          3    None
 Ignite Poison            Fire/Tmut/Pois #####...     1%          3    None
 Inner Flame              Hex/Fire       ######..     1%          3    None
 Mephitic Cloud           Conj/Pois/Air  #####...     1%          3    None
 Recall                   Summ/Tloc      N/A          1%          3    None
 Spider Form              Tmut/Pois      #####.....   1%          3    None
 Static Discharge         Conj/Air       ######..     1%          3    None
 Summon Guardian Golem    Hex/Summ       ######..     1%          3    None
 Vampiric Draining        Necr           #######...   1%          3    None
 Animate Dead             Necr           N/A          1%          4    None
 Cause Fear               Hex            ######....   1%          4    None
 Dispel Undead            Necr           #######.     1%          4    None
 Ice Form                 Ice/Tmut       #######.     1%          4    None
 Iskenderun's Mystic Bla  Conj/Tloc      ######..     1%          4    None
 Leda's Liquefaction      Hex/Erth       ######....   1%          4    None
 Summon Ice Beast         Ice/Summ       #######.     1%          4    None
 Agony                    Necr           #######.     1%          5    None
 Borgnjor's Vile Clutch   Necr/Erth      ######....   1%          5    None
 Death Channel            Necr           #######...   1%          6    None
 Freezing Cloud           Conj/Ice/Air   #######...   1%          6    None
 Simulacrum               Ice/Necr       ########..   1%          6    None
 Airstrike                Air            #####.....   2%          4    None
 Olgreb's Toxic Radiance  Pois           #####...     2%          4    None
 Petrify                  Tmut/Erth      #####...     2%          4    None
 Summon Lightning Spire   Summ/Air       #####...     2%          4    None
 Summon Mana Viper        Hex/Summ       ######..     2%          5    None
 Yara's Violent Unravell  Hex/Tmut       ######....   2%          5    None
 Fireball                 Conj/Fire      ######....   3%          5    None
 Irradiate                Conj/Tmut      ######....   3%          5    None
 Iskenderun's Battlesphe  Conj/Chrm      ######..     3%          5    None
 Lightning Bolt           Conj/Air       ######....   3%          5    None
 Bolt of Magma            Conj/Fire/Erth #####.....   4%          5    None
 Alistair's Intoxication  Tmut/Pois      #####...     8%          5    None
 Aura of Abjuration       Summ           #####.....   8%          5    None
 Blade Hands              Tmut           #####.....   8%          5    None
 Summon Demon             Summ           #####.....   8%          5    None
 Iron Shot                Conj/Erth      ######....   17%         6    None
 Starburst                Conj/Fire      ######....   17%         6    None
 Eringya's Noxious Bog    Tmut/Pois      #####.....   38%         6    None
 Hydra Form               Tmut           #####.....   38%         6    None
 Statue Form              Tmut/Erth      #####....    38%         6    None
 Orb of Destruction       Conj           ######....   38%         7    None
 Spellforged Servitor     Conj/Summ      ######....   65%         7    None
 Dragon Form              Tmut           #####.....   89%         7    None
 Ring of Flames           Chrm/Fire      #####.....   89%         7    None
 Summon Hydra             Summ           #####.....   89%         7    None
 Chain Lightning          Conj/Air       ######....   99%         8    ##.....
 Lehudib's Crystal Spear  Conj/Erth      ######....   99%         8    ##.....
 Ignition                 Fire           #####.....   100%        8    ##.....
 Fire Storm               Conj/Fire      ######....   100%        9    #####..
 Shatter                  Erth           #####.....   100%        9    #####..

Action                   |  1- 3 |  4- 6 |  7- 9 | 10-12 | 13-15 | 16-18 | 19-21 | 22-24 | 25-27 || total
-------------------------+-------+-------+-------+-------+-------+-------+-------+-------+-------++-------
Melee: Dagger            |     3 |    88 |    64 |   474 |    17 |       |       |       |       ||   646
       Unarmed           |       |       |       |    22 |       |       |       |       |       ||    22
       Short sword       |       |       |       |     8 |       |       |       |       |       ||     8
       Scimitar          |       |       |       |       |   998 |   685 |  1037 |   670 |   714 ||  4104
       Eudemon blade     |       |       |       |       |       |       |       |   493 |    44 ||   537
 Fire: Fustibalus        |       |       |       |       |  1250 |  2170 |  2091 |  1961 |  1057 ||  8529
Throw: Dart              |       |    17 |    28 |   114 |    34 |       |     5 |     1 |    19 ||   218
       Stone             |       |       |       |       |       |       |     7 |     1 |       ||     8
       Throwing net      |       |       |       |       |       |       |       |       |     5 ||     5
 Cast: Magic Dart        |    57 |    57 |    44 |    51 |       |       |       |       |       ||   209
       Searing Ray       |     3 |    30 |    53 |    99 |    13 |       |       |       |       ||   198
       Blink             |       |       |       |       |       |     2 |     3 |     2 |    12 ||    19
       Portal Projectile |       |       |       |       |       |       |    16 |    21 |     3 ||    40
       Absolute Zero     |       |       |       |       |       |       |       |       |   103 ||   103
Invok: Wall of Briars    |       |       |       |     2 |     7 |     4 |     4 |     2 |       ||    19
       Grow Ballistomyce |       |       |       |       |     1 |     5 |       |       |       ||     6
       Grow Oklob        |       |       |       |       |       |     3 |     9 |    20 |    11 ||    43
       Overgrow          |       |       |       |       |       |     2 |     1 |     2 |       ||     5
 Abil: Evoke Invisibilit |       |       |       |       |    18 |    17 |    15 |    18 |    19 ||    87
       Evoke Thunderclou |       |       |       |       |     1 |     9 |    10 |    11 |       ||    31
Evoke: Wand              |       |       |     5 |    32 |    33 |    53 |    46 |    49 |    13 ||   231
       Phantom mirror    |       |       |       |       |     1 |       |       |     1 |     1 ||     3
       Tin of tremorston |       |       |       |       |       |     7 |    15 |    12 |     9 ||    43
       Lightning rod     |       |       |       |       |       |    10 |    22 |    27 |    20 ||    79
       Phial of floods   |       |       |       |       |       |       |     1 |       |       ||     1
       Box of beasts     |       |       |       |       |       |       |       |     7 |       ||     7
  Use: Scroll            |    13 |     3 |     4 |    10 |    24 |    14 |    10 |    22 |     9 ||   109
       Potion            |       |       |       |    10 |     2 |    13 |     3 |     5 |     9 ||    42
 Stab: Sleeping          |     3 |     8 |    11 |    16 |    25 |     7 |     6 |     6 |     5 ||    87
       Invisible         |       |       |       |     6 |    64 |    66 |    63 |    81 |    95 ||   375
       Distracted        |       |       |       |       |     2 |     3 |       |     4 |     4 ||    13
       Betrayed ally     |       |       |       |       |     1 |       |       |       |       ||     1
       Paralysed         |       |       |       |       |     2 |     4 |     5 |    14 |       ||    25
  Eat: Ration            |       |     1 |     2 |     5 |    15 |    16 |    16 |    21 |    40 ||   116
Armor: Robe              |     1 |    10 |     6 |    28 |    69 |    78 |    66 |    73 |    26 ||   357
       Skin              |       |       |       |    49 |       |       |       |       |       ||    49
Dodge: Dodged            |     2 |    52 |   105 |   470 |  1031 |   882 |   632 |   833 |   492 ||  4499
Block: Buckler           |       |       |       |       |   197 |   666 |   706 |   614 |   348 ||  2531
       Reflection        |       |       |       |       |       |    73 |   138 |    26 |    11 ||   248
       Rpst.: Scimitar   |       |       |       |       |   263 |   106 |    87 |    72 |    59 ||   587
       Eudemon blade     |       |       |       |       |       |       |       |    60 |     8 ||    68

Skill      XL: |  1  2  3  4  5  6  7  8  9 10 11 12 13 14 15 16 17 18 19 20 21 22 23 24 25 26 27 |
---------------+----------------------------------------------------------------------------------+-----
Conjurations   | 3 4 |  4.0
Spellcasting   | 3 4 5 6 8 15 18 20 22 | 22.0
Fighting       | 2 3 4 6 7 8 9 11 14 15 20 | 20.1
Dodging        | 6 8 11 12 13 14 15 16 18 | 18.0
Evocations     | 4 5 7 8 9 12 | 12.0
Stealth        | 8 11 12 | 12.0
Short Blades   | 3 8 9 10 | 10.0
Translocations | 4 |  4.0
Invocations    | 4 5 9 10 14 15 | 15.6
Hexes          | 5 |  5.7
Throwing       | 4 |  4.0
Necromancy     | 3 6 8 9 |  9.0
Slings         | 6 7 12 13 | 13.7
Long Blades    | 2 8 10 13 | 13.2
Shields        | 2 6 7 |  7.2
Ice Magic      | 3 8 12 16 19 21 22 | 22.0

Inventory:

Hand Weapons
 a - the +9 scimitar of Anguish {pain, +Inv rC+ Str+3 Stlth-}
   (You found it on level 13 of the Dungeon)

   In the hands of one skilled in necromantic magic, it inflicts extra damage on
   living creatures.
   It affects your strength (+3).
   It protects you from cold.
   It lets you turn invisible.
   It makes you less stealthy.
 b - a +9 eudemon blade of holy wrath
 w - a +9 vorpal fustibalus (weapon)
Missiles
 d - 12 curare-tipped darts
 s - 900 stones
 F - 164 sling bullets (quivered)
 Y - 22 throwing nets {!f}
Armour
 e - a +2 hat of magic resistance (worn)
 A - a +3 buckler of fire resistance (worn)
 I - a scarf of resistance (worn)
 X - the +3 robe of Clouds (worn) {+Thunder rCloud rElec}
   (You found it on level 6 of the Lair of Beasts)

   It insulates you from electricity.
 Z - the +2 ratskin cloak {+Rats rPois rN+ Str-1 Int-1 Dex+1}
   (You bought it in a shop on level 2 of the Orcish Mines)

   It affects your strength (-1).
   It affects your intelligence (-1).
   It affects your dexterity (+1).
   It protects you from poison.
   It protects you from negative energy.
Jewellery
 i - the ring "Moohou" {+Fly rPois rN+ EV+4}
   (You acquired it on level 2 of the Crypt)

   [ring of evasion]

   It affects your evasion (+4).
   It protects you from poison.
   It protects you from negative energy.
   It lets you fly.
 j - an uncursed amulet of guardian spirit
 k - a +6 ring of intelligence (right hand)
 q - a +4 ring of protection
 v - a ring of wizardry (left hand)
 G - the amulet "Livun" (around neck) {Reflect rF+ Int+2 SH+5}
   (You found it on level 3 of the Elven Halls)

   [amulet of reflection]

   It shields you and reflects attacks.
   It affects your intelligence (+2).
   It protects you from fire.
   It affects your SH (+5).
 R - a +4 ring of slaying
 V - the ring "Usioproc" {+Fly rC+}
   (You took it off a tengu reaver on level 5 of the Vaults)

   [ring of flight]

   It protects you from cold.
   It lets you fly.
Wands
 l - a wand of iceblast (15)
 p - a wand of digging (26)
 t - a wand of clouds (5)
 L - a wand of enslavement (7)
 M - a wand of acid (5)
 W - a wand of paralysis (4)
Scrolls
 f - 19 scrolls of identify {@r3}
 h - 10 scrolls of teleportation {@r1}
 n - 2 scrolls of fear
 x - a scroll of enchant armour
 B - 26 scrolls of remove curse {@r4}
 O - 2 scrolls of fog
 Q - 2 scrolls of holy word
 U - 2 scrolls of summoning
Potions
 g - 4 potions of heal wounds {@q1}
 m - 2 potions of stabbing
 o - 16 potions of curing {@q2}
 r - 3 potions of resistance
 u - a potion of ambrosia
 z - 7 potions of cancellation
 C - 9 potions of mutation
 D - a potion of haste {@q4}
 E - a potion of magic
 H - 8 potions of flight
 N - 5 potions of might
 T - 2 potions of invisibility
Miscellaneous
 y - 3 phantom mirrors
 J - a tin of tremorstones (3/3)
 K - 2 boxes of beasts
 P - a lightning rod (4/4)
Comestibles
 c - 39 rations

............####)#..^.#..........
............##.#.#....#..........
.........[............#..........
.............####.#####..........
.............#§§§§# #..........
............##§§§§# #..........
............##§§§.# #..........
............##....# #..........
............##.>@.# #########..
################### #.. #.. #..
#.# #.# #.# #.# #.#


There were no monsters in sight!

Vanquished Creatures
  A pandemonium lord (Depths:3)
  10 orbs of fire (Zot:5)
  5 ancient liches
  Sojobo (Crypt:3)
  Bai Suzhen (Depths:1)
  Boris (twice) (Depths:4 Vaults:5)
  2 Killer Klowns
  Xtahua (Crypt:2)
  7 golden dragons
  Nikola (Depths:2)
  4 electric golems
  A bone dragon (Crypt:3)
  A Brimstone Fiend (D:4)
  Rupert (Lair:5)
  13 Orb Guardians (Zot:5)
  A lich (Vaults:5)
  3 quicksilver dragons
  10 tentacled monstrosities
  2 krakens
  7 acid blobs (Zot:3)
  3 titans (Vaults:5)
  4 death cobs
  A deep elf blademaster (Elf:2)
  A deep elf master archer (Elf:3)
  Kirke (Lair:5)
  10 sphinxes
  10 storm dragons
  3 ancient champions
  6 shadow dragons
  The ghost of Ruet the Markscentaur, an adept CeHu of Okawaru (Elf:2)
  3 tengu reavers
  2 revenants
  4 draconian monks
  7 nagarajas
  The ghost of Enish the Cleaver, an adept DsAK of Lugonu (Shoals:1)
  A daeva (Depths:4)
  4 draconian knights
  10 fire giants
  2 deep elf sorcerers
  2 balrugs (Depths:4)
  6 frost giants
  2 curse skulls (Crypt:1)
  16 vault wardens
  4 ghost moths (Zot:4)
  An iron dragon (Depths:5)
  5 ghouls
  7 draconian scorchers
  3 deep elf elementalists
  2 draconian shifters
  A juggernaut zombie (Depths:4)
  9 ironheart preservers
  2 spriggan defenders
  8 draconian annihilators
  26 very ugly things
  A caustic shrike skeleton (Crypt:2)
  13 vampire knights
  7 draconian stormcallers
  20 stone giants
  Nessos (D:15)
  A war gargoyle (Vaults:5)
  5 deep elf demonologists
  4 entropy weavers (D:10)
  18 green draconians
  4 deep elf annihilators
  10 black draconians
  6 white draconians
  9 red draconians
  7 purple draconians
  23 yellow draconians
  A spark wasp (Depths:2)
  9 fire dragons
  2 blizzard demons
  4 eidola (Crypt:2)
  10 ettins
  4 deep elf death magi
  6 merfolk javelineers
  22 jiangshi
  Snorg (Lair:4)
  20 yaktaur captains
  2 merfolk impalers (Shoals:4)
  A quicksilver dragon zombie (Depths:1)
  2 deep elf high priests (Vaults:5)
  16 ice dragons
  9 hydras
  6 great orbs of eyes
  12 naga warriors
  3 ghost crabs (D:10)
  A monstrous demonspawn (Depths:2)
  20 centaur warriors
  34 vault guards
  7 rakshasas
  3 merfolk avatars
  10 anacondas
  An alligator snapping turtle (Shoals:4)
  8 death knights
  4 spriggan air magi
  28 two-headed ogres
  An alligator (shapeshifter) (Elf:2)
  26 dancing weapons
  4 merfolk aquamancers
  10 ogre magi
  A spectral stone giant (Crypt:3)
  The ghost of Zanta616 the Firebug, a novice DrFE of Fedhas (D:8)
  6 deep troll shamans
  6 vampire magi
  6 tengu warriors
  9 deep troll earth magi
  4 spriggan berserkers
  2 soul eaters
  21 deep elf knights
  11 shock serpents
  2 orc high priests
  2 iron trolls
  19 naga sharpshooters
  5 shadow wraiths
  5 hell knights
  A titan skeleton (Depths:4)
  5 unseen horrors
  A salamander mystic (Depths:1)
  6 fire crabs
  A spectral anaconda (Crypt:3)
  An unseen horror (shapeshifter) (Vaults:1)
  21 deep trolls
  2 glowing orange brains
  8 flayed ghosts
  9 sea snakes
  28 skeletal warriors
  A cherub (Depths:4)
  An obsidian statue (Zot:5)
  A wizard (Vaults:1)
  11 orc knights
  10 naga ritualists
  A golden dragon skeleton (Depths:3)
  12 phantasmal warriors
  24 deep elf archers
  13 harpies
  10 necromancers
  72 deep elf magi
  A fire giant zombie (Depths:3)
  19 ironbrand convokers
  A frost giant zombie (Vaults:4)
  A tengu zombie (Vaults:4)
  18 mana vipers
  5 wolf spiders
  38 ugly things
  7 orc sorcerers
  A sphinx skeleton (Crypt:1)
  12 cyclopes
  A wolf spider (shapeshifter) (Depths:4)
  A manticore (shapeshifter) (Depths:1)
  6 manticores
  20 moths of wrath
  14 salamanders
  5 fauns (Shoals:1)
  5 merfolk sirens
  10 vault sentinels
  2 guardian serpents
  An iron dragon skeleton (Crypt:2)
  30 naga magi
  2 rust devils
  5 elephants (Lair:4)
  An elf zombie (Depths:3)
  4 water nymphs
  A frost giant skeleton (Depths:3)
  A dire elephant zombie (Crypt:1)
  35 black mambas
  2 smoke demons
  2 gargoyles
  An apocalypse crab (D:10)
  5 large abominations
  2 spiny frogs (shapeshifter)
  A molten gargoyle (Volcano)
  13 spiny frogs
  A redback zombie (D:14)
  7 komodo dragons
  A rime drake (shapeshifter) (D:15)
  12 freezing wraiths
  65 yaktaurs
  An efreet (D:15)
  A spriggan skeleton (Depths:1)
  An ice devil (Depths:3)
  2 tengu conjurers
  A hydra zombie (Crypt:1)
  A jumping spider (shapeshifter) (D:8)
  10 trolls
  19 merfolk
  7 polar bears
  2 trolls (shapeshifter)
  16 hornets
  A queen bee (shapeshifter) (Vaults:4)
  13 blink frogs
  A hornet (shapeshifter) (Vaults:4)
  An ice dragon zombie (Crypt:3)
  A polar bear (shapeshifter) (Vaults:1)
  5 wind drakes
  13 hippogriffs
  2 bog bodies
  A raiju (shapeshifter) (Vaults:5)
  25 slime creatures
  A hydra skeleton (Crypt:2)
  An iron dragon simulacrum (Crypt:3)
  12 dream sheep
  5 snapping turtles
  An ettin zombie (Vaults:4)
  A guardian serpent skeleton (Crypt:2)
  3 air elementals
  2 hippogriffs (shapeshifter)
  61 flying skulls
  5 water elementals
  A fire dragon skeleton (Depths:1)
  An ice dragon skeleton (Depths:1)
  20 spriggans
  An alligator zombie (Crypt:1)
  10 shadows
  2 wyverns
  45 yaks
  A centaur simulacrum (D:15)
  6 basilisks
  11 wraiths
  2 spriggans (shapeshifter)
  4 vampires
  4 hogs
  A basilisk (shapeshifter) (Vaults:5)
  A golden eye (shapeshifter) (Vaults:3)
  A human (D:8)
  5 fire bats (Volcano)
  5 fire elementals
  A hog (shapeshifter) (Vaults:5)
  4 hungry ghosts
  4 vampire mosquitoes (D:15)
  5 chaos spawn (Depths:4)
  3 wargs
  A naga (shapeshifter) (D:15)
  48 nagas
  A warg (shapeshifter) (Depths:3)
  2 acid dragons
  14 water moccasins
  A soldier ant (D:15)
  An orb spider zombie (Crypt:1)
  5 porcupines
  5 hell hounds
  32 orc warriors
  A gelid demonspawn skeleton (Crypt:2)
  A floating eye (Depths:5)
  5 sky beasts
  4 black bears
  4 human zombies
  A meliai simulacrum (D:15)
  4 ice beasts
  5 phantoms
  An eye of draining (shapeshifter) (Vaults:2)
  An eye of draining (D:12)
  7 necrophages
  24 ogres
  2 swamp dragon skeletons
  5 boggarts
  34 centaurs
  17 wolves
  A wolf (shapeshifter) (Depths:2)
  2 elf skeletons
  13 crocodiles
  A rime drake skeleton (Crypt:1)
  6 big kobolds
  A wyvern zombie (Crypt:2)
  18 bullfrogs
  6 small abominations
  A glowing shapeshifter simulacrum (Vaults:1)
  2 earth elementals
  A cyclops zombie (Crypt:2)
  A scorpion (D:12)
  A wyvern skeleton (D:14)
  A scorpion (shapeshifter) (Vaults:5)
  A troll zombie (D:11)
  10 wights
  A killer bee (shapeshifter) (D:8)
  17 killer bees
  A raiju zombie (Crypt:2)
  8 howler monkeys
  An electric eel (Lair:5)
  3 lava snakes (Volcano)
  10 crimson imps
  2 quasits
  2 bullfrog zombies
  Crazy Yiuf (D:4)
  30 orc priests
  3 bullfrog skeletons
  11 centaur skeletons
  3 hounds
  29 jellies
  3 human skeletons (Crypt:1)
  Jessica (D:2)
  A gnoll shaman (Orc:2)
  10 worker ants
  An iguana (shapeshifter) (Vaults:5)
  2 iguanas
  8 hell rats
  55 orc wizards
  A deep dwarf zombie (Crypt:1)
  7 ogre zombies (D:11)
  An acid dragon zombie (Crypt:1)
  An ogre skeleton (Crypt:1)
  A hound skeleton (D:5)
  17 mummies
  3 worker ant zombies
  A howler monkey zombie (D:5)
  3 adders
  3 gnolls (Orc:2)
  9 river rats (Lair:4)
  A steam dragon zombie (Crypt:2)
  4 shadow imps
  An ooze (D:3)
  An adder zombie (D:9)
  An iguana skeleton (Crypt:2)
  An adder skeleton (D:4)
  A worm (D:5)
  3 dart slugs (D:1)
  4 leopard geckos
  118 orcs
  12 bats
  4 giant cockroaches
  4 goblins
  4 hobgoblins
  36 kobolds
  3 quokkas
  A ball python (D:3)
  3 frilled lizards
  A gnoll skeleton (Ossuary)
  5 goblin skeletons
  A goblin zombie (D:11)
  A hobgoblin skeleton (D:11)
  A hobgoblin zombie (D:11)
  A jackal skeleton (D:4)
  A kobold skeleton (Ossuary)
  3 orc skeletons (Ossuary)
  20 orc zombies (D:11)
  8 rats
  11 rat skeletons (Ossuary)
  A ballistomycete spore (Shoals:4)
  3 blocks of ice
  6 tentacles
2517 creatures vanquished.

Vanquished Creatures (collateral kills)
  2 Killer Klowns (Zot:5)
  Margery (Depths:4)
  3 golden dragons
  Jory (Crypt:3)
  A profane servitor (Crypt:3)
  2 liches
  2 tentacled monstrosities
  A deep elf master archer (Elf:3)
  2 deep elf blademasters (Elf:3)
  A quicksilver dragon (Vaults:5)
  12 Orb Guardians (Zot:5)
  An ancient champion (Crypt:1)
  3 tengu reavers
  3 shadow dragons
  Donald (Snake:3)
  A fire giant (Depths:1)
  A daeva (Depths:4)
  A vault warden (Vaults:5)
  Aizul (Snake:3)
  3 deep elf sorcerers (Elf:3)
  A deep elf elementalist (Elf:3)
  An ironheart preserver (Vaults:2)
  5 very ugly things (Depths:4)
  5 vampire knights
  2 deep elf demonologists (Elf:3)
  A purple draconian (Depths:5)
  A deep elf annihilator (Elf:3)
  3 deep elf death magi (Elf:3)
  A quicksilver dragon zombie (Depths:1)
  A fire dragon (Depths:3)
  2 jiangshi (Crypt:3)
  2 ice dragons
  8 vault guards
  2 yaktaur captains
  A two-headed ogre (Vaults:1)
  A dancing weapon (Elf:3)
  2 merfolk avatars (Shoals:4)
  A vampire mage (Depths:4)
  A deep troll shaman (Depths:4)
  A deep troll (Depths:5)
  A skeletal warrior (Crypt:3)
  2 cherubim (Depths:4)
  4 ironbrand convokers
  A necromancer (Depths:4)
  A naga ritualist (Snake:4)
  A golden dragon skeleton (Depths:1)
  A harpy (Shoals:2)
  A stone giant zombie (Depths:1)
  A manticore (Shoals:4)
  2 deep elf magi
  A cyclops (Shoals:2)
  A moth of wrath (Zot:5)
  An ugly thing (Depths:1)
  A merfolk siren (Shoals:3)
  A spriggan skeleton (Depths:4)
  A freezing wraith (Crypt:3)
  A tengu conjurer (Depths:4)
  3 merfolk
  3 snapping turtles (Shoals:4)
  3 flying skulls (Crypt:3)
  A shadow (Crypt:3)
  An ice dragon skeleton (Depths:1)
  A hog (Lair:5)
  2 nagas (Snake:4)
  A floating eye (shapeshifter) (Vaults:5)
  A centaur (Vaults:1)
  A crocodile (Lair:3)
  18 ballistomycete spores
142 creatures vanquished.

Vanquished Creatures (others)
  A golden dragon (Vaults:5)
  A fire giant (Vaults:5)
  A vault warden (Vaults:2)
  A deep elf sorcerer (Elf:2)
  A stone giant (Depths:1)
  A green draconian (Zot:1)
  A deep elf annihilator (Elf:3)
  Azrael (Elf:1)
  A yellow draconian (Zot:3)
  A centaur warrior (Vaults:1)
  3 anacondas
  A deep troll earth mage (Depths:1)
  2 sea snakes (Shoals:3)
  A deep elf archer (Elf:1)
  2 ironbrand convokers (Vaults:5)
  An oklob plant (Zot:3)
  2 deep elf magi
  A manticore (Shoals:4)
  A moth of wrath (Zot:4)
  A naga mage (Snake:4)
  A yaktaur (Depths:1)
  2 hornets
  A vampire (Vaults:3)
  A water elemental (Elf:1)
  A fire elemental (Elf:1)
  A neqoxec (D:8)
  A naga (Snake:1)
  A floating eye (Shoals:4)
  A centaur (Volcano)
  3 ballistomycete spores
  98 blocks of ice
  A bush (Depths:5)
  22 fungi
  30 plants
  36 tentacles
225 creatures vanquished.

Grand Total: 2884 creatures vanquished

Levels and vault maps discovered:
D:1:      dpeg_arrival_fog, layout_basic, grunt_decor_arrowhead,
          doesnt_xom_only_xom
D:2:      layout_rooms, grunt_temple_overflow_diamond,
          nicolae_overflow_hidden_temple, first_ration, uniq_jessica
D:3:      layout_loops_ring, chequers_mini_garden, minmay_misc_feat_iff
D:4:      layout_basic, gup_ossuary_entry_pyramid, serial_shops,
          kennysheep_mini_moat, minmay_statues_item, uniq_crazy_yiuf_cottage
D:5:      layout_cave_pools, lemuel_altar_in_water
D:6:      layout_layer_cave, kennysheep_generic_room_11
D:7:      layout_basic, minmay_temple_entry_antechambers, serial_curves,
          eino_curves_04, eino_curves_04
D:8:      layout_basic, david_lair_shrubbed,
          ploomutoo_gammafunk_ghost_potion_laboratory, grunt_livestock
D:9:      layout_small_grid
D:10:     gammafunk_mikee_crab_dinner, layout_rooms, enter_trove_3
D:11:     layout_cave_pools, zombieorc2_lemuel
D:12:     layout_irregular_city, nicolae_elemental_shop, patterned_corridor
D:13:     layout_cross, minmay_checkerbox
D:14:     layout_irregular_city, erik_vaults_2, basic_altar
D:15:     hangedman_slaughterboxes, uniq_nessos
Temple:   dpeg_five_rooms_temple
Lair:1:   layout_concentric_octagons
Lair:2:   layout_layer_cave, minmay_shoals_entry_lonely_mermaid,
          guppyfry_snake_entry_garden, nicolae_volcano_entry_hallway
Lair:3:   layout_chaotic_city
Lair:4:   layout_misc_corridors, kennysheep_rathole, uniq_snorg
Lair:5:   layout_hall_layers, serial_bayou_shore_b, serial_bayou_shore_b,
          grunt_megastairs_5, serial_bayou_shore_a, uniq_kirke, uniq_rupert
Lair:6:   minmay_lair_end_enchanted_forest, layout_regular_city, slime_altar_1,
          minivault_19
Shoals:1: layout_shoals, ebering_ghost_davey_jones, lemuel_oklob_altar
Shoals:2: layout_shoals, serial_shops, shop, wheals_shoals_ruined_temple
Shoals:3: layout_shoals, hangedman_shoals_cup_caves
Shoals:4: shoals_end_hangedman, layout_shoals
Snake:1:  nicolae_snake_hallway, layout_layer_cave, grunt_ministairs_8,
          lightli_airlock, lemuel_fruit_tree
Snake:2:  layout_chambers, grunt_ministairs_11
Snake:3:  layout_misc_corridors, serial_shops, nicolae_shop_waterfront,
          st_stairs_7, uniq_donald, uniq_aizul
Snake:4:  snake_pit, layout_onion_interference
Orc:1:    layout_caves
Orc:2:    st_orc_mages, layout_caves, serial_shops,
          nicolae_shop_temple_entry_statues_fountains, mines_bat_river
Elf:1:    minmay_elf_arrival_summoners, layout_loops_cross, serial_shops, shop,
          minivault_28, uniq_azrael
Elf:2:    layout_geoelf_diagonals, ebering_ghost_disaster_area
Elf:3:    grunt_elf_hall_branching, layout_geoelf_octagon
Vaults:1: v_misc_18, vaults_mumra_minichess, nicolae_vaults_mini_display_case,
          vaults_room_fours, vaults_standard_mumra_enter_the_diamond,
          v_pattern_1, vaults_room_hallway, ontoclasm_vaults_loading_screen,
          nicolae_vaults_hallways_thing, v_misc_8,
          nicolae_vaults_little_squares_4, v_alt_pattern_3,
          layout_vaults_big_room, serial_shops, nicolae_shop_trees
Vaults:2: ontoclasm_vaults_idyll, vaults_standard_mumra_lines,
          grunt_vaults_twisty, layout_vaults_omnigrid
Vaults:3: vaults_room_grid, v_misc_22, minmay_crypt_entry_vampire_xt,
          hangedman_vaults_variations, hangedman_vaults_locks,
          nicolae_vaults_shelves_hall, nicolae_vaults_diagonal_hallway_8,
          ontoclasm_vaults_eye, nicolae_vaults_yaktaur_gun_rack,
          vaults_mumra_chevron, layout_vaults_maze_snakey
Vaults:4: grunt_vaults_trifunnel, hangedman_vaults_maws, hangedman_vaults_pinch,
          v_alt_pattern_3, vaults_room_fours, v_misc_10,
          nicolae_vaults_triangles, nicolae_vaults_circle_grid_a,
          ontoclasm_vaults_twist, vaults_room_stairs_pillars, layout_vaults_ring
Vaults:5
Crypt:1:  layout_gridlike, moated_statue, grunt_crypt_arrival_guarded_gate
Crypt:2:  layout_basic, lemuel_elevator, grunt_megastairs_3, uniq_xtahua
Crypt:3:  grunt_crypt_end_deaths_head, uniq_sojobo
Depths:1: layout_long_grid, serial_shops, shop, hellmouth_1,
          serial_sigils_hangedman_quiver, statue_in_the_mist_lemuel,
          hangedman_decor_push, serial_sigils_hangedman_confine,
          kennysheep_generic_room_5, uniq_bai_suzhen
Depths:2: minmay_textured_paths, layout_basic, pf_coc_iceberg,
          hangedman_abyss_entry_splay, tso_altar, firewood_loft, uniq_nikola
Depths:3: minmay_big_diamond_grid, layout_gridville,
          kennysheep_decorative_pillar, rand_demon_pan_entry_8, hell_entry,
          abyss_entry
Depths:4: regret_index_uskayaw_diablada_macabre, layout_gridville, special_room
          [special_room_morgue], minmay_room_of_horrors, hell_entry,
          minmay_misc_feat_rows, minmay_shop_grove, uniq_margery
Depths:5: grunt_twist_and_shout, layout_cave_pools, enter_ziggurat_a,
          hangedman_tar_grid_catacomb, hangedman_abyss_or_decor_clamps,
          abyss_entry_small_statue_room, minmay_misc_feat_plants, uniq_boris
Zot:1:    layout_gridlike
Zot:2:    layout_gridlike
Zot:3:    lemuel_acid_trip, layout_onion,
          chequers_guarded_unrand_mask_of_the_dragon
Zot:4:    nicolae_zot_stationary_front, layout_cellular_growth
Zot:5:    layout_cellular_growth


Message History

F - 164 sling bullets (gained 8)
(D) Dungeon (T) Temple (L) Lair (A) Shoals (P) Snake Pit (M) Slime Pits (O) Orcish Mines (E) Elven Halls (V) Vaults (C) Crypt (W) Tomb (U) Depths (H) Hell (Z) Zot
Where to? (Enter - D:1 @ (x,y), ? - help)
You see here a robe.
There is a stone staircase leading up here.
You climb upwards.
There is a stone staircase leading down here.
Magic restored.
There is a stone staircase leading up here.
You climb upwards.
There is a stone staircase leading down here.
There is a stone staircase leading up here.
You climb upwards.
There is a stone staircase leading down here.
You see here a +0 club.
There is a staircase leading out of the dungeon here.
You have escaped!

Notes
Turn   | Place    | Note
-------+----------+-------------------------------------------
     0 | D:1      | bmfx the Spriggan Conjurer began the quest for the Orb.
     0 | D:1      | Reached XP level 1. HP: 9/9 MP: 5/5
   272 | D:1      | Reached XP level 2. HP: 13/13 MP: 1/7
   331 | D:1      | Learned a level 2 spell: Searing Ray
   755 | D:1      | Found a blossoming altar of Fedhas.
   757 | D:1      | Found a bloodstained altar of Trog.
   757 | D:1      | Found a shimmering altar of Xom.
   760 | D:1      | Found a shadowy altar of Dithmenos.
   760 | D:1      | Found a hide-covered altar of Uskayaw.
   760 | D:1      | Found an iron altar of Okawaru.
  1050 | D:2      | Reached XP level 3. HP: 16/16 MP: 5/9
  1252 | D:2      | Noticed Jessica
  1325 | D:2      | Killed Jessica
  1419 | D:2      | Found a shadowy altar of Dithmenos.
  1422 | D:2      | Found a white marble altar of Elyvilon.
  1428 | D:2      | Found a basalt altar of Yredelemnul.
  1844 | D:3      | Reached XP level 4. HP: 21/21 MP: 11/11
  2050 | D:3      | You fall into a shaft and drop 2 floors!
  2050 | D:5      | Entered Level 5 of the Dungeon
  2129 | D:5      | Noticed a phantom
  2206 | D:5      | Reached skill level 5 in Spellcasting
  2420 | D:4      | Reached XP level 5. HP: 24/24 MP: 13/13
  2624 | D:4      | Found a sand-covered staircase.
  2637 | Ossuary  | Entered an ossuary
  2824 | Ossuary  | Reached skill level 1 in Fighting
  3175 | Ossuary  | Reached XP level 6. HP: 30/30 MP: 9/15
  4722 | D:4      | Found Jisiy's Food Boutique.
  4775 | D:4      | Found a runed translucent door.
  4776 | D:4      | Noticed Crazy Yiuf
  4795 | D:4      | Killed Crazy Yiuf
  4795 | D:4      | Reached XP level 7. HP: 37/37 MP: 10/16
  4944 | D:5      | Reached skill level 1 in Evocations
  5091 | D:5      | Found a shadowy altar of Dithmenos.
  5177 | D:5      | Reached skill level 5 in Dodging
  5751 | D:6      | Reached XP level 8. HP: 42/42 MP: 7/18
  5775 | D:6      | Reached skill level 5 in Evocations
  6368 | D:6      | Noticed a troll
  6370 | D:6      | Killed a troll
  7367 | D:7      | Reached XP level 9. HP: 42/45 MP: 10/19
  7385 | D:7      | Reached skill level 5 in Short Blades
  7845 | D:7      | Found a staircase to the Ecumenical Temple.
  7857 | Temple   | Entered the Ecumenical Temple
  7861 | Temple   | Learned a level 2 spell: Blink
  8092 | Temple   | Became a worshipper of Fedhas Madash
  8142 | D:7      | Reached skill level 1 in Translocations
  8735 | D:7      | Reached skill level 1 in Invocations
  9378 | D:8      | Identified the +1 leather armour "Zoptam" {SInv}
  9561 | D:8      | Noticed a komodo dragon
  9577 | D:8      | Killed a komodo dragon
  9577 | D:8      | Reached XP level 10. HP: 49/49 MP: 13/20
  9624 | D:8      | Found a staircase to the Lair.
  9657 | D:8      | Reached * piety under Fedhas
  9792 | D:8      | Reached skill level 5 in Invocations
 10268 | D:8      | Noticed a two-headed ogre
 10303 | D:8      | Killed a two-headed ogre
 10303 | D:8      | Reached skill level 5 in Fighting
 10506 | D:8      | Noticed a red ugly thing
 10507 | D:8      | Found a runed translucent gate.
 10508 | D:8      | Found a runed translucent gate.
 10508 | D:8      | Noticed a glowing orange brain
 10510 | D:8      | Found a runed translucent gate.
 10510 | D:8      | Noticed a white ugly thing
 10694 | D:9      | Reached skill level 10 in Dodging
 10917 | D:9      | Reached ** piety under Fedhas
 12244 | D:10     | Entered Level 10 of the Dungeon
 12295 | D:10     | Noticed a gargoyle
 12300 | D:10     | Killed a gargoyle
 12353 | D:10     | Reached XP level 11. HP: 56/56 MP: 21/21
 12464 | D:10     | Reached *** piety under Fedhas
 12701 | D:10     | Noticed a two-headed ogre
 12737 | D:10     | Killed a two-headed ogre
 12982 | D:10     | Found a runed translucent door.
 13005 | D:10     | Found a portal to a secret trove of treasure.
 13300 | D:10     | Noticed a two-headed ogre
 13325 | D:10     | Killed a two-headed ogre
 13502 | D:10     | Noticed a fire crab
 13837 | D:10     | Learned a level 4 spell: Fulminant Prism
 14149 | D:10     | Reached skill level 1 in Hexes
 14455 | D:10     | Reached **** piety under Fedhas
 14455 | D:10     | Reached skill level 10 in Stealth
 15033 | D:11     | Found a staircase to the Orcish Mines.
 15097 | D:11     | You fall into a shaft and drop 3 floors!
 15097 | D:14     | Noticed a centaur warrior
 15107 | D:14     | Killed a centaur warrior
 15209 | D:14     | Noticed a fire crab
 15225 | D:14     | Noticed a centaur warrior
 15228 | D:14     | Killed a centaur warrior
 15228 | D:14     | Reached skill level 5 in Hexes
 15353 | D:14     | Reached ***** piety under Fedhas
 15495 | D:14     | Noticed a centaur warrior
 15514 | D:14     | Killed a centaur warrior
 15681 | D:14     | Found a glowing golden altar of the Shining One.
 15771 | D:14     | Found a gate to the Vaults.
 15771 | D:14     | Noticed a vault guard
 15771 | D:14     | Noticed a vault guard
 15771 | D:14     | Noticed a vault guard
 15771 | D:14     | Noticed a vault guard
 15771 | D:14     | Noticed a vault guard
 15856 | D:14     | Noticed a two-headed ogre
 15957 | D:14     | Killed a two-headed ogre
 15957 | D:14     | Reached XP level 12. HP: 61/61 MP: 22/22
 16179 | D:14     | Noticed a centaur warrior
 16206 | D:14     | Killed a centaur warrior
 16206 | D:14     | Reached skill level 1 in Throwing
 16356 | D:14     | You fall into a shaft and drop 1 floor!
 16356 | D:15     | Entered Level 15 of the Dungeon
 16357 | D:15     | Noticed a tengu reaver
 16358 | D:15     | Noticed a yaktaur captain
 16359 | D:15     | Noticed a fire giant
 16363 | D:15     | Noticed a centaur warrior
 16364 | D:15     | Killed a centaur warrior
 16364 | D:15     | Reached skill level 10 in Short Blades
 16571 | D:15     | Found an iron altar of Okawaru.
 16572 | D:15     | Found a shattered altar of Ashenzari.
 16573 | D:15     | Found a hazy altar of Hepliaklqana.
 16582 | D:15     | Noticed a death knight
 16585 | D:15     | Noticed Nessos
 16588 | D:15     | Noticed a seven-headed hydra
 16626 | D:15     | Noticed a centaur warrior
 16638 | D:15     | Killed a centaur warrior
 16867 | D:13     | Noticed a centaur warrior
 17165 | D:13     | Reached XP level 13. HP: 65/65 MP: 23/23
 17741 | D:13     | Got an ichor-stained scimitar
 17757 | D:14     | Identified the +9 scimitar of Anguish {pain, +Inv rC+ Str+3
                  | Stlth-} (You found it on level 13 of the Dungeon)
 17945 | D:10     | Learned a level 1 spell: Animate Skeleton
 18044 | D:11     | Reached skill level 1 in Necromancy
 18459 | Lair:1   | Entered Level 1 of the Lair of Beasts
 21192 | Lair:2   | Reached skill level 1 in Slings
 21355 | Lair:2   | Found a dark tunnel.
 21361 | Volcano  | Entered a volcano
 21776 | Volcano  | Noticed a red draconian
 21781 | Volcano  | Found a radiant altar of Vehumet.
 21806 | Volcano  | Killed a red draconian
 21806 | Volcano  | Reached skill level 5 in Slings
 22015 | Lair:2   | Found a staircase to the Snake Pit.
 22370 | Lair:2   | Reached skill level 1 in Long Blades
 22812 | Lair:2   | Found a staircase to the Shoals.
 23071 | Lair:2   | Reached XP level 14. HP: 39/70 MP: 24/24
 24412 | Lair:3   | Reached ****** piety under Fedhas
 25583 | Lair:4   | Reached skill level 5 in Long Blades
 25868 | Lair:4   | Noticed Snorg
 27066 | Lair:5   | Noticed Kirke
 27108 | Lair:5   | Noticed a sphinx
 27114 | Lair:5   | Killed Kirke
 27645 | Lair:5   | Noticed Rupert
 27921 | Lair:5   | Identified a scroll of acquirement
 28165 | Lair:5   | Killed Rupert
 28228 | Lair:6   | Entered Level 6 of the Lair of Beasts
 28901 | Lair:6   | Reached skill level 5 in Necromancy
 28908 | Lair:6   | Found a viscous altar of Jiyva.
 28909 | Lair:6   | Found a staircase to the Slime Pits.
 30085 | Lair:6   | Reached skill level 1 in Shields
 30122 | Lair:6   | Found the +3 robe of Clouds {+Thunder rCloud rElec}
 31076 | Lair:6   | Reached XP level 15. HP: 73/73 MP: 25/25
 32148 | D:12     | Reached skill level 10 in Invocations
 33412 | D:12     | Found Raeh's Elemental Accessories.
 34898 | Orc:1    | Entered Level 1 of the Orcish Mines
 35284 | Orc:2    | Entered Level 2 of the Orcish Mines
 35449 | Orc:1    | You fall into a shaft and drop 1 floor!
 35600 | Orc:2    | Found Duptirio's Distillery.
 35641 | Orc:2    | Bought a potion of heal wounds for 60 gold pieces
 35641 | Orc:2    | Bought 2 potions of haste for 240 gold pieces
 35641 | Orc:2    | Bought 2 potions of haste for 240 gold pieces
 35641 | Orc:2    | Bought a potion of resistance for 120 gold pieces
 35723 | Orc:2    | Found a staircase to the Elven Halls.
 35761 | Orc:2    | Reached skill level 5 in Shields
 36493 | Orc:2    | Reached skill level 10 in Slings
 36955 | Orc:2    | Found Voitear's Jewellery Shoppe.
 36955 | Orc:2    | Found Acuwn's Book Shoppe.
 36956 | Orc:2    | Found Raheq's Distillery.
 36959 | Orc:2    | Found Girha's Assorted Antiques.
 36962 | Orc:2    | Bought an uncursed amulet of guardian spirit for 480 gold
                  | pieces
 37102 | Orc:2    | Bought a potion of haste for 150 gold pieces
 37103 | Orc:2    | Bought the +2 ratskin cloak {+Rats rPois rN+ Str-1 Int-1
                  | Dex+1} for 861 gold pieces
 37103 | Orc:2    | Found the +2 ratskin cloak {+Rats rPois rN+ Str-1 Int-1
                  | Dex+1}
 37576 | Orc:2    | Bought a bubbling green potion for 27 gold pieces
 37576 | Orc:2    | Bought a potion of haste for 310 gold pieces
 37687 | D:10     | You paid a toll of 6 potions of haste to enter a treasure
                  | trove
 37688 | Trove    | Entered a treasure trove
 37702 | Trove    | Identified Sif Muna's Reference Book on Unholy Shape
                  | Shifting
 37714 | Trove    | Got a glittering pewter ring
 37716 | Trove    | Identified the ring of Sophism {rC- MR+ rCorr Str+5 Stlth+}
                  | (You found it in a treasure trove)
 37718 | Trove    | Got a masterwork long sword
 37719 | Trove    | Identified the +9 long sword of Pestilence {vorpal, +Fly}
                  | (You found it in a treasure trove)
 37723 | Trove    | Got a fine jade amulet
 37724 | Trove    | Identified the amulet of Grace {Reflect rElec SH+5} (You
                  | found it in a treasure trove)
 38369 | D:15     | Killed Nessos
 38808 | D:15     | Noticed a fire giant
 38971 | D:15     | Killed a fire giant
 39095 | D:15     | Found a staircase to the Depths.
 39661 | D:15     | Reached XP level 16. HP: 77/77 MP: 26/26
 40831 | D:15     | Reached skill level 10 in Evocations
 41289 | D:15     | Killed a tengu reaver
 41869 | D:15     | Identified the Catalogue of Contamination and the Entourage
 42352 | D:8      | Found a runed translucent gate.
 42352 | D:8      | Found a runed translucent gate.
 42355 | D:8      | Found a runed translucent gate.
 42355 | D:8      | Noticed Zanta616's ghost (novice DrFE)
 42475 | Snake:1  | Entered Level 1 of the Snake Pit
 42766 | Shoals:1 | Entered Level 1 of the Shoals
 43154 | Shoals:1 | Found a hide-covered altar of Uskayaw.
 43503 | Shoals:1 | Found a runed translucent gate.
 43503 | Shoals:1 | Found a runed translucent gate.
 43503 | Shoals:1 | Found a runed translucent gate.
 43503 | Shoals:1 | Noticed Enish's ghost (adept DsAK)
 43503 | Shoals:1 | Noticed a kraken
 43792 | Shoals:2 | Found Taaps's Antique Weapon Emporium.
 45125 | Shoals:2 | Found a snail-covered altar of Cheibriados.
 45131 | Shoals:2 | Noticed a kraken
 45229 | Shoals:2 | Killed a kraken
 46427 | Shoals:4 | Entered Level 4 of the Shoals
 46462 | Shoals:4 | Reached XP level 17. HP: 85/85 MP: 27/27
 46602 | Shoals:4 | Reached skill level 15 in Dodging
 46667 | Shoals:4 | Got a barnacled rune of Zot
 46709 | Shoals:4 | Identified the +5 leather armour "Peboet" {rN+}
 47614 | Shoals:4 | Identified the +1 hunting sling of the Shining Light
                  | {flame, rPois rC+++ Int-4 Dex+3} (You found it on level 4
                  | of the Shoals)
 48107 | Shoals:4 | Learned a level 9 spell: Absolute Zero
 48313 | Lair:4   | Killed Snorg
 49682 | Snake:1  | Found a runed translucent door.
 51097 | Snake:1  | Learned a level 3 spell: Portal Projectile
 51447 | Snake:2  | Reached skill level 10 in Long Blades
 52448 | Snake:2  | Reached XP level 18. HP: 91/91 MP: 30/30
 52913 | Snake:3  | Reached skill level 15 in Invocations
 52932 | Snake:3  | Noticed Aizul
 52955 | Snake:3  | Killed Aizul
 54793 | Snake:3  | Noticed Donald
 54799 | Snake:3  | Killed Donald
 54964 | Snake:3  | Found Ytum's Jewellery Shop.
 55170 | Snake:4  | Entered Level 4 of the Snake Pit
 55644 | Elf:1    | Entered Level 1 of the Elven Halls
 56460 | Elf:1    | Noticed Azrael
 56476 | Elf:1    | Killed Azrael
 56743 | Elf:1    | Found Ampu Igi's Food Shop.
 57924 | Elf:2    | Found a large runed translucent door.
 57990 | Elf:2    | Found a large runed translucent door.
 58043 | Elf:2    | Noticed Ruet's ghost (adept CeHu)
 59026 | Elf:2    | Found a huge runed translucent gate.
 59026 | Elf:2    | Found a huge runed translucent gate.
 59026 | Elf:2    | Found a huge runed translucent gate.
 59026 | Elf:2    | Found a huge runed translucent gate.
 59026 | Elf:2    | Found a huge runed translucent gate.
 59368 | Elf:3    | Entered Level 3 of the Elven Halls
 60243 | Elf:3    | Reached XP level 19. HP: 92/96 MP: 31/31
 60699 | Elf:3    | Identified the +9 quarterstaff "Vuheh" {vamp, rElec rN+
                  | Int+3 Dex+3}
 60699 | Elf:3    | Identified the +1 leather armour of the Dwarven Hall
                  | {rElec}
 60889 | Elf:3    | Reached skill level 10 in Fighting
 61258 | Elf:3    | Identified the +10 double sword of Joit {venom, Stlth+}
                  | (You found it on level 3 of the Elven Halls)
 61342 | Elf:3    | Identified the +2 pair of boots of Old and Reckless {SInv}
                  | (You found it on level 3 of the Elven Halls)
 61379 | Elf:3    | Identified the amulet "Livun" {Reflect rF+ Int+2 SH+5} (You
                  | found it on level 3 of the Elven Halls)
 61388 | Elf:3    | Identified the Tome of Companions and Transformation
 61395 | Elf:3    | Got shimmering shadow dragon scales
 61396 | Elf:3    | Identified the +9 shadow dragon scales "Xograsupp" {MR+
                  | Str+3 Dex+4 Stlth++++} (You found it on level 3 of the
                  | Elven Halls)
 61615 | Vaults:1 | Entered Level 1 of the Vaults
 61642 | Vaults:1 | Found Zoriosan's Assorted Antiques.
 61656 | Vaults:1 | Bought a wand of acid (9) for 224 gold pieces
 65770 | Vaults:3 | Reached XP level 20. HP: 85/106 MP: 32/32
 66225 | Vaults:3 | Found a staircase to the Crypt.
 72941 | Snake:4  | Reached XP level 21. HP: 114/116 MP: 32/34
 73483 | Snake:4  | Reached skill level 15 in Fighting
 74537 | Snake:4  | Reached skill level 10 in Spellcasting
 74666 | Snake:4  | Got a serpentine rune of Zot
 75400 | Depths:1 | Entered Level 1 of the Depths
 78364 | Depths:1 | Noticed Bai Suzhen
 78405 | Depths:1 | Found Ruamociph's Food Shop.
 78413 | Depths:1 | Bought a ration for 65 gold pieces
 78413 | Depths:1 | Bought a ration for 65 gold pieces
 78413 | Depths:1 | Bought a ration for 65 gold pieces
 78413 | Depths:1 | Bought a ration for 65 gold pieces
 78413 | Depths:1 | Bought a ration for 65 gold pieces
 78413 | Depths:1 | Bought a ration for 65 gold pieces
 78413 | Depths:1 | Bought a ration for 65 gold pieces
 78413 | Depths:1 | Bought a ration for 65 gold pieces
 78413 | Depths:1 | Bought a ration for 65 gold pieces
 78578 | Depths:2 | Found a gateway to Hell.
 78911 | Depths:2 | Noticed Nikola
 78931 | Depths:2 | Killed Nikola
 78937 | Depths:2 | Noticed a golden dragon
 78942 | Depths:2 | a golden dragon changed into an iron dragon
 78944 | Depths:2 | Reached skill level 15 in Spellcasting
 78944 | Depths:2 | Noticed a golden dragon
 78953 | Depths:2 | Noticed a caustic shrike
 78953 | Depths:2 | an acid blob changed into a caustic shrike
 79246 | Depths:2 | Killed a golden dragon
 79621 | Depths:2 | Found a glowing golden altar of the Shining One.
 79630 | Depths:2 | Found a one-way gate to the infinite horrors of the Abyss.
 80165 | Depths:3 | Reached skill level 1 in Ice Magic
 80363 | Depths:3 | You fall into a shaft and drop 2 floors!
 80363 | Depths:5 | Entered Level 5 of the Depths
 81307 | Depths:3 | Reached XP level 22. HP: 103/122 MP: 37/42
 82510 | Depths:3 | Noticed a golden dragon
 83177 | Depths:3 | Found a one-way gate leading to the halls of Pandemonium.
 83238 | Depths:2 | Reached skill level 5 in Ice Magic
 84220 | Depths:3 | Killed a golden dragon
 85225 | Depths:4 | Found Cirel's Jewellery Emporium.
 85225 | Depths:4 | Found Etidwi's Gadget Shop.
 85226 | Depths:4 | Found Veluhipp's Gadget Shop.
 85232 | Depths:4 | Bought a wand of iceblast (6) for 180 gold pieces
 85234 | Depths:4 | Bought a +4 ring of slaying for 1560 gold pieces
 85241 | Depths:4 | Bought a wand of digging (5) for 324 gold pieces
 85241 | Depths:4 | Bought a wand of clouds (3) for 378 gold pieces
 85241 | Depths:4 | Bought a wand of digging (7) for 396 gold pieces
 86063 | Depths:4 | Noticed an ancient lich
 86077 | Depths:4 | Killed an ancient lich
 86783 | Depths:4 | Noticed Margery
 86816 | Depths:4 | Killed Margery
 87091 | Depths:4 | Reached XP level 23. HP: 126/126 MP: 46/46
 87460 | Depths:4 | Identified the Disquisition on Evil Arts
 87575 | Depths:4 | Found a hide-covered altar of Uskayaw.
 88313 | Depths:5 | Noticed Boris
 89585 | D:8      | Killed Zanta616's ghost
 89894 | Shoals:1 | Killed Enish's ghost
 90137 | Shoals:1 | Identified the ring of Moral Flaws {*Tele rF+ rC+} (You
                  | found it on level 1 of the Shoals)
 90859 | Elf:2    | Reached skill level 10 in Ice Magic
 91979 | Depths:5 | Found a gateway to a ziggurat.
 92115 | Depths:4 | Killed Boris
 94181 | Depths:5 | Found a gate to the Realm of Zot.
 95673 | Crypt:1  | Entered Level 1 of the Crypt
 97591 | Crypt:1  | Reached XP level 24. HP: 131/131 MP: 48/48
 99693 | Crypt:2  | Got the ring "Moohou" {+Fly rPois rN+ EV+4}
100006 | Crypt:2  | Noticed Xtahua
100475 | Crypt:2  | Killed Xtahua
101709 | Crypt:3  | Entered Level 3 of the Crypt
101984 | Crypt:3  | Noticed Sojobo
102008 | Crypt:3  | Killed Sojobo
102543 | Crypt:3  | Found an ancient bone altar of Kikubaaqudgha.
102700 | Crypt:3  | Reached skill level 15 in Ice Magic
103229 | Crypt:3  | Identified the cursed +3 rapier "Puarom" {freeze, +Fly}
                  | (You found it on level 3 of the Crypt)
104381 | Crypt:3  | Noticed Jory
104396 | Crypt:3  | Killed Jory
104461 | Crypt:3  | Found a staircase to the Tomb.
105055 | Vaults:5 | Entered Level 5 of the Vaults
105055 | Vaults:5 | Noticed an ancient lich
105653 | Vaults:5 | Reached XP level 25. HP: 108/135 MP: 39/48
105855 | Vaults:5 | Found Lyrauvi's Gadget Boutique.
106012 | Vaults:5 | Identified the +9 mace of Puczeso {vorpal, +Blink}
106012 | Vaults:5 | Identified the ring "Usioproc" {+Fly rC+}
106585 | Vaults:5 | Noticed Boris
106600 | Vaults:5 | Killed Boris
106933 | Vaults:5 | Identified the +6 shortbow of the Other Side {speed, *Drain
                  | Str+5 Int+4}
107715 | Vaults:5 | Killed an ancient lich
108693 | Vaults:5 | Noticed an ancient lich
108773 | Vaults:5 | Identified the Disquisition on the Glacier and Displacement
109445 | Vaults:5 | Got a silver rune of Zot
109457 | Vaults:5 | Noticed an ancient lich
109880 | Vaults:5 | Killed an ancient lich
110084 | Vaults:5 | Killed an ancient lich
110847 | Elf:1    | Bought a ration for 70 gold pieces
110847 | Elf:1    | Bought a ration for 70 gold pieces
110847 | Elf:1    | Bought a ration for 70 gold pieces
110847 | Elf:1    | Bought a ration for 70 gold pieces
110847 | Elf:1    | Bought a ration for 70 gold pieces
110847 | Elf:1    | Bought a ration for 70 gold pieces
110847 | Elf:1    | Bought a ration for 70 gold pieces
110847 | Elf:1    | Bought a ration for 70 gold pieces
110847 | Elf:1    | Bought a ration for 70 gold pieces
110847 | Elf:1    | Bought a ration for 70 gold pieces
110847 | Elf:1    | Bought a ration for 70 gold pieces
110847 | Elf:1    | Bought a ration for 70 gold pieces
110847 | Elf:1    | Bought a ration for 70 gold pieces
110900 | Elf:2    | Killed Ruet's ghost
111168 | D:4      | Bought a ration for 70 gold pieces
111168 | D:4      | Bought a ration for 70 gold pieces
111168 | D:4      | Bought a ration for 70 gold pieces
111168 | D:4      | Bought a ration for 70 gold pieces
111168 | D:4      | Bought a ration for 70 gold pieces
111168 | D:4      | Bought a ration for 70 gold pieces
111168 | D:4      | Bought a ration for 70 gold pieces
111168 | D:4      | Bought a ration for 70 gold pieces
111168 | D:4      | Bought a ration for 70 gold pieces
111168 | D:4      | Bought a ration for 70 gold pieces
111168 | D:4      | Bought a ration for 70 gold pieces
111168 | D:4      | Bought a ration for 70 gold pieces
111766 | Depths:1 | Killed Bai Suzhen
112018 | Orc:2    | Bought a potion of might for 60 gold pieces
112018 | Orc:2    | Bought a potion of invisibility for 120 gold pieces
112018 | Orc:2    | Bought a potion of curing for 45 gold pieces
112018 | Orc:2    | Bought a potion of resistance for 150 gold pieces
112018 | Orc:2    | Bought a potion of curing for 45 gold pieces
112018 | Orc:2    | Bought a potion of flight for 45 gold pieces
112044 | Orc:2    | Bought a potion of curing for 36 gold pieces
112044 | Orc:2    | Bought a potion of invisibility for 96 gold pieces
112044 | Orc:2    | Bought a potion of flight for 36 gold pieces
112044 | Orc:2    | Bought a potion of curing for 36 gold pieces
112044 | Orc:2    | Bought a potion of stabbing for 48 gold pieces
112046 | Orc:2    | p0werm0de:
                  | https://cdn.discordapp.com/attachments/418175595923505152/7
                  | 23673214248550560/3333.png
112046 | Orc:2    | Bought a potion of mutation for 96 gold pieces
112046 | Orc:2    | Bought a potion of mutation for 96 gold pieces
112048 | Orc:2    | Bought a potion of mutation for 96 gold pieces
112073 | Orc:2    | Bought a scroll of summoning for 294 gold pieces
113444 | Zot:1    | Entered Level 1 of the Realm of Zot
114423 | Zot:1    | Reached XP level 26. HP: 140/140 MP: 48/48
118553 | Zot:3    | Identified the ring of the Present {*Contam rElec Int+3
                  | SInv} (You found it on level 3 of the Realm of Zot)
121403 | Zot:3    | Found a transporter.
121428 | Zot:3    | Found a transporter.
122174 | Zot:5    | Entered Level 5 of the Realm of Zot
122517 | Zot:4    | Reached XP level 27. HP: 144/144 MP: 44/50
125861 | Zot:5    | Noticed an orb of fire
125870 | Zot:5    | Killed an orb of fire
125929 | Zot:5    | Noticed an orb of fire
125932 | Zot:5    | Killed an orb of fire
125948 | Zot:5    | Noticed an orb of fire
125985 | Zot:5    | Killed an orb of fire
126471 | Zot:5    | Noticed an orb of fire
126473 | Zot:5    | Noticed an orb of fire
126477 | Zot:5    | Noticed an orb of fire
126478 | Zot:5    | Killed an orb of fire
126480 | Zot:5    | Killed an orb of fire
126481 | Zot:5    | Killed an orb of fire
126481 | Zot:5    | Noticed an orb of fire
126487 | Zot:5    | Gained mutation: You occasionally shout uncontrollably at
                  | your foes. [an orb of fire]
126491 | Zot:5    | Noticed an orb of fire
126494 | Zot:5    | Killed an orb of fire
126495 | Zot:5    | Killed an orb of fire
126497 | Zot:5    | Noticed an orb of fire
126501 | Zot:5    | Killed an orb of fire
126662 | Zot:5    | Noticed an orb of fire
126663 | Zot:5    | Killed an orb of fire
126717 | Zot:5    | Noticed an ancient lich
126720 | Zot:5    | Killed an ancient lich
127380 | Zot:5    | Got the Orb of Zot
127552 | Depths:3 | Noticed Cydgheot the pandemonium lord
127555 | Depths:3 | Killed Cydgheot the pandemonium lord
127851 | D:$      | Escaped with the Orb!
